 Dungeon Crawl Stone Soup version 0.22-a0-580-gd5db89c (webtiles) character file.

907 sking99 the Ruffian (level 7, -5/71 HPs)
             Began as a Troll Monk on July 3, 2018.
             Was an Elder of Elyvilon.
             Slain by a two-headed ogre
             ... wielding a +0 giant spiked club
              (15 damage)
             ... on level 5 of the Dungeon.
             The game lasted 00:09:06 (3780 turns).

sking99 the Ruffian (Troll Monk)                    Turns: 3780, Time: 00:09:07

Health: -5/71      AC:  8    Str: 20    XL:     7   Next: 81%
Magic:  8/8        EV:  9    Int:  6    God:    Elyvilon [****..]
Gold:   285        SH:  0    Dex: 14    Spells: 6/6 levels left

rFire    . . .     SeeInvis .     - Unarmed
rCold    + . .     Gourm    +   (no shield)
rNeg     . . .     Faith    .   a - +0 robe
rPois    .         Spirit   .   (helmet restricted)
rElec    .         Reflect  .   u - +2 cloak
rCorr    .         Harm     .   (gloves unavailable)
MR       .....                  (boots unavailable)
Stlth    +.........             (no amulet)
HPRegen  0.61/turn              q - ring of protection from cold
MPRegen  0.11/turn              (no ring)

@: heavily drained
A: large, unfitting armour, claws 3, fast metabolism 3, gourmand, regeneration
1, shaggy fur 1, tough skin 2
a: Lesser Healing, Heal Other, Purification, Greater Healing, Divine Protection,
Renounce Religion


You were on level 5 of the Dungeon.
You worshipped Elyvilon.
Elyvilon was greatly pleased with you.
You were completely stuffed.

You visited 1 branch of the dungeon, and saw 5 of its levels.

You collected 285 gold pieces.

Inventory:

Missiles
 c - 171 stones (quivered)
Armour
 a - a +0 robe (worn)
 u - a +2 cloak (worn)
Jewellery
 g - an uncursed amulet of harm
 q - a ring of protection from cold (left claw)
Wands
 l - a wand of disintegration (16)
 r - a wand of iceblast (7)
Scrolls
 e - 6 scrolls of remove curse
 j - 2 scrolls of amnesia
 k - a scroll of teleportation
Potions
 d - a potion of lignification
 f - a potion of mutation
 h - a potion of heal wounds
 o - a potion of flight
 s - a potion of ambrosia
 t - a potion of might {unknown}
Comestibles
 b - 6 rations
 n - 3 chunks of flesh


   Skills:
 + Level 4.4(2.8) Fighting
 - Level 2.4(0.9) Dodging
 - Level 1.0(0.0) Stealth
 * Level 7.2(5.5) Unarmed Combat
 + Level 3.4(1.9) Invocations


You had 6 spell levels left.
You didn't know any spells.
Your spell library was empty.

Dungeon Overview and Level Annotations

Branches:
Dungeon (5/15)
 Temple: D:4-7

Altars:
Elyvilon


Innate Abilities, Weirdness & Mutations

You are too large for most types of armour.
You have claws for hands.
Your metabolism is lightning-fast.
You like to eat raw meat.
Your natural rate of healing is unusually fast.
You are covered in fur. (AC +1)
You have very tough skin. (AC +2)


Message History

Reduced exclusion size to a single square.
Removed exclusion.
The two-headed ogre shouts in stereo!
You scratch the two-headed ogre. You claw the two-headed ogre!
The two-headed ogre is lightly wounded.
An adder comes into view.
The two-headed ogre hits you with a giant spiked club!
The two-headed ogre hits you but does no damage.
You barely miss the two-headed ogre.
The two-headed ogre is lightly wounded.
You claw the two-headed ogre!
The two-headed ogre is moderately wounded.
The two-headed ogre hits you with a giant spiked club!!
The two-headed ogre hits you with a giant club!
As you read the scroll of magic mapping, it crumbles to dust.
You feel momentarily disoriented.
The two-headed ogre hits you with a giant spiked club!!
* * * LOW HITPOINT WARNING * * *
The two-headed ogre hits you with a giant club!
You die...

####### #.SO@.#
#.###.# *,*<#.#
##### *,*,#.###
#.... *,,,#...#
#######.##.
****###.#
#........#. #.#
#.########.
##### #.#
#..........
....#
#.###..########


You could see a two-headed ogre and an adder.

Vanquished Creatures
  Sigmund (D:5)
  2 ogres
  A howler monkey (D:4)
  A crimson imp (D:5)
  Crazy Yiuf (D:2)
  2 orc wizards
  An iguana (D:4)
  A gnoll shaman (D:4)
  Ijyb (D:4)
  Natasha (D:2)
  4 worker ants
  A hound skeleton (D:2)
  5 gnolls (D:4)
  7 adders
  A shadow imp (D:5)
  2 oozes
  An adder skeleton (D:5)
  A worm (D:3)
  A dart slug (D:1)
  A leopard gecko (D:2)
  7 orcs
  3 giant cockroaches
  8 goblins
  11 hobgoblins
  6 jackals (D:3)
  A ball python (D:3)
  5 bats
  9 frilled lizards
  A jackal skeleton (D:4)
  12 kobolds
  A quokka skeleton (D:2)
  A quokka zombie (D:5)
  4 rats
105 creatures vanquished.

Vanquished Creatures (others)
  A quokka (D:2)
  A rat (D:2)
2 creatures vanquished.

Grand Total: 107 creatures vanquished

Notes
Turn   | Place    | Note
-------+----------+-------------------------------------------
     0 | D:1      | sking99 the Troll Monk began the quest for the Orb.
     0 | D:1      | Reached XP level 1. HP: 22/22 MP: 0/0
   131 | D:1      | Reached XP level 2. HP: 27/29 MP: 1/1
   520 | D:1      | Reached XP level 3. HP: 23/36 MP: 2/2
   538 | D:1      | Reached skill level 4 in Unarmed Combat
   662 | D:2      | Found a white marble altar of Elyvilon.
   670 | D:2      | Became a worshipper of Elyvilon the Healer
   670 | D:2      | Reached * piety under Elyvilon
   670 | D:2      | Reached ** piety under Elyvilon
   779 | D:2      | Reached XP level 4. HP: 45/45 MP: 3/3
   945 | D:2      | Found a runed door.
  1146 | D:2      | Noticed Natasha
  1152 | D:2      | Killed Natasha
  1377 | D:2      | Noticed Crazy Yiuf
  1382 | D:2      | Killed Crazy Yiuf
  1382 | D:2      | Reached skill level 1 in Invocations
  1462 | D:3      | Reached XP level 5. HP: 53/53 MP: 4/4
  1525 | D:3      | Reached skill level 5 in Unarmed Combat
  1737 | D:3      | Reached *** piety under Elyvilon
  1768 | D:3      | Found a faded altar of an unknown god.
  2126 | D:4      | Noticed an ogre
  2135 | D:4      | Killed an ogre
  2135 | D:4      | Reached XP level 6. HP: 61/61 MP: 6/6
  2292 | D:4      | Reached skill level 6 in Unarmed Combat
  2413 | D:4      | Noticed Ijyb
  2423 | D:4      | Killed Ijyb
  2735 | D:4      | Reached XP level 7. HP: 68/68 MP: 7/7
  2940 | D:5      | Entered Level 5 of the Dungeon
  2945 | D:5      | Reached **** piety under Elyvilon
  3001 | D:5      | Noticed Sigmund
  3013 | D:5      | Killed Sigmund
  3236 | D:5      | Noticed a two-headed ogre
  3350 | D:5      | Reached skill level 7 in Unarmed Combat
  3780 | D:5      | Slain by a two-headed ogre

Vault maps used:
D:1:      dpeg_arrival_snail
D:2:      elyvilon_altar_4, uniq_natasha, uniq_crazy_yiuf_cottage
D:3:      chequers_ecumenical_altar_simple_redux
D:4:      first_ration, uniq_ijyb
D:5:      uniq_sigmund

Skill      XL: |  1  2  3  4  5  6  7 |
---------------+----------------------+-----
Unarmed Combat | 4 5 6 7 |  7.2
Fighting       | 3 4 |  4.4
Invocations    | 1 2 3 |  3.4
Dodging        | |  2.4
Stealth        | |  1.0

Action                   |  1- 3 |  4- 6 |  7- 9 || total
-------------------------+-------+-------+-------++-------
Melee: Unarmed           |   119 |   157 |    63 ||   339
       Punch             |     2 |     5 |     1 ||     8
  Use: Scroll            |       |       |    16 ||    16
 Stab: Sleeping          |     3 |     3 |     1 ||     7
  Eat: Chunk             |    13 |    18 |     9 ||    40
Armor: Robe              |    42 |    45 |    16 ||   103
Dodge: Dodged            |    80 |    71 |    20 ||   171

Table legend:
 A = Spawn XP
 B = Non-spawn XP
 C = Spawn XP percentage of total XP
 D = Spawn monster count
 E = Non-spawn monster count
 F = Spawn count percentage of total count
 G = Total turns spent on level
                    A         B        C        D         E        F      G
               +---------+---------+-------+---------+---------+-------+---------
         Total |       0 |    1297 |   0.0 |       0 |     105 |   0.0 |  3780
               +---------+---------+-------+---------+---------+-------+---------
           D:1 |       0 |      54 |   0.0 |       0 |      29 |   0.0 |   631
           D:2 |       0 |     136 |   0.0 |       0 |      16 |   0.0 |   904
           D:3 |       0 |     121 |   0.0 |       0 |      27 |   0.0 |   612
           D:4 |       0 |     436 |   0.0 |       0 |      16 |   0.0 |   808
           D:5 |       0 |     550 |   0.0 |       0 |      17 |   0.0 |   825
               +---------+---------+-------+---------+---------+-------+---------
